 Dungeon Crawl Stone Soup version 0.23.2 (webtiles) character file.

Game seed: 15028720698666257851

140 Menchi the Skirmisher (level 5, -17/47 HPs)
             Began as a Ghoul Fighter on Apr 5, 2019.
             Demolished by a two-headed ogre
             ... wielding a +0 giant club
              (27 damage)
             ... on level 6 of the Dungeon.
             The game lasted 00:08:07 (1733 turns).

Menchi the Skirmisher (Ghoul Fighter)               Turns: 1733, Time: 00:08:07

Health: -17/47     AC:  8    Str: 20    XL:     5   Next: 22%
Magic:  4/4        EV:  9    Int:  4    God:
Gold:   71         SH:  0    Dex:  8    Spells: 4/4 levels left

rFire    . . .     SeeInvis .   q - +2 dagger (venom)
rCold    + . .     Gourm    .   (no shield)
rNeg     + + +     Faith    .   b - +0 scale mail
rPois    ∞         Spirit   .   (no helmet)
rElec    .         Reflect  .   (no cloak)
rCorr    .         Harm     .   l - +1 pair of gloves
MR       .....                  (no boots)
Stlth    ..........             (no amulet)
HPRegen  0.00/turn              (no ring)
MPRegen  0.09/turn              (no ring)

@: rotting
A: rotting body, claws 1, carnivore, cold resistance 1, negative energy
resistance 3, inhibited regeneration, torment resistance, unbreathing
a: no special abilities


You were on level 6 of the Dungeon.
You were not hungry.

You visited 1 branch of the dungeon, and saw 4 of its levels.

You collected 71 gold pieces.

Inventory:

Hand Weapons
 a - a +0 war axe
 q - a +2 dagger of venom (weapon)
Armour
 b - a +0 scale mail (worn)
 l - a +1 pair of gloves (worn)
Scrolls
 e - 3 scrolls of enchant armour
 h - 2 scrolls of noise
 i - a scroll of teleportation
 k - 4 scrolls of identify
Potions
 c - a potion of degeneration {unknown}
 d - 2 potions of might
 g - a potion of magic {unknown}
 j - a potion of brilliance
 n - a potion of mutation {unknown}
 o - 3 potions of curing {unknown}
 p - a potion of agility {unknown}
Comestibles
 f - 5 rations
 m - 6 chunks of flesh


   Skills:
 * Level 4.3 Fighting
 * Level 3.7 Axes
 + Level 3.1 Armour
 + Level 0.2 Dodging
   Level 2.6 Shields


You had 4 spell levels left.
You didn't know any spells.
Your spell library was empty.

Dungeon Overview and Level Annotations

Branches:
Dungeon (3/15)

Altars:
Gozag


Innate Abilities, Weirdness & Mutations

Your body is rotting away.
You thrive on raw meat.
You are immune to poison.
You have sharp fingernails.
You are carnivorous and can eat meat at any time.
Your flesh is cold resistant. (rC+)
You are immune to negative energy. (rN+++)
You do not regenerate when monsters are visible.
You are immune to unholy pain and torment.
You can survive without breathing.


Message History

You see here a smoky pink potion.
You closely miss the adder.
You kill the orc wizard!
You have reached level 5!
You feel stronger.
You completely miss the two-headed ogre.
You hit the two-headed ogre.
The two-headed ogre is poisoned.
The two-headed ogre is lightly wounded.
The adder completely misses you.
The two-headed ogre hits you with a +0 giant club! x2
* * * LOW HITPOINT WARNING * * *
The adder barely misses you.
Found a stone staircase leading down.
The two-headed ogre looks more healthy.
You hit the two-headed ogre but do no damage.
The two-headed ogre is poisoned.
The two-headed ogre is lightly wounded.
The two-headed ogre hits you with a +0 giant club!!
Ouch! That really hurt!
You die...

###..... ......
...> #....# ...
###?...# ... .
#......#... ..
.####.........#
...
..........###.#
....
#..@O.....#.....
#...S..#.....#
#......#.###.#
#.....÷#S..%.#
#.........#.....#
.........###!#
###.#
....###.....%#
..... #...#..)..#
..... #..%#.###$#


You could see a two-headed ogre and an adder.

Vanquished Creatures
  An orc wizard (D:6)
  An adder (D:2)
  2 worms
  4 dart slugs
  5 leopard geckos
  An orc (D:3)
  9 bats
  4 giant cockroaches
  7 goblins
  11 hobgoblins
  4 jackals (D:3)
  3 quokkas
  6 frilled lizards
  6 kobolds
  11 rats
75 creatures vanquished.

Notes
Turn   | Place    | Note
-------+----------+-------------------------------------------
     0 | D:1      | Menchi the Ghoul Fighter began the quest for the Orb.
     0 | D:1      | Reached XP level 1. HP: 19/19 MP: 0/0
    91 | D:1      | Reached XP level 2. HP: 24/27 MP: 1/1
   237 | D:1      | Reached XP level 3. HP: 31/33 MP: 2/2
   612 | D:2      | Reached skill level 4 in Fighting
   713 | D:2      | Reached XP level 4. HP: 39/39 MP: 3/3
  1581 | D:3      | Found an opulent altar of Gozag.
  1692 | D:3      | You fall through a shaft for 3 floors!
  1716 | D:6      | Noticed a two-headed ogre
  1721 | D:6      | Reached XP level 5. HP: 39/47 MP: 4/4
  1733 | D:6      | Demolished by a two-headed ogre

Skill      XL: |  1  2  3  4 |
---------------+-------------+-----
Axes           | 2 3 |  3.7
Fighting       | 4 |  4.3
Armour         | 3 |  3.1
Dodging        | |  0.2
Shields        | |  2.6

Action                   |  1- 3 |  4- 6 || total
-------------------------+-------+-------++-------
Melee: War axe           |    99 |   103 ||   202
       Dagger            |       |    19 ||    19
  Use: Scroll            |     5 |       ||     5
  Eat: Chunk             |    10 |     9 ||    19
Armor: Scale mail        |    78 |    67 ||   145
Dodge: Dodged            |    77 |    80 ||   157
